 Dungeon Crawl Stone Soup version 0.21-a0-356-g45b0a09 (webtiles) character file.

203 Ordine the Slasher (level 5, -3/32 HPs)
             Began as a Tengu Fighter on Oct 12, 2017.
             Slain by Natasha (8 damage)
             ... on level 2 of the Dungeon.
             The game lasted 00:03:19 (1427 turns).

Ordine the Slasher (Tengu Fighter)                  Turns: 1427, Time: 00:03:20

Health: -3/32      AC:  6    Str: 17    XL:     5   Next: 81%
Magic:  6/6        EV:  7    Int:  8    God:
Gold:   77         SH: 10    Dex: 14    Spells: 4/4 levels left

rFire    . . .     SeeInvis .   a - +0 long sword
rCold    . . .     Gourm    .   c - +1 shield
rNeg     . . .     Faith    .   b - +0 scale mail
rPois    .         Spirit   .   (helmet restricted)
rElec    .         Reflect  .   (no cloak)
rCorr    .         Harm     .   (no gloves)
MR       .....                  (boots unavailable)
Stlth    ..........             (no amulet)
HPRegen  0.10/turn              (no ring)
MPRegen  0.10/turn              (no ring)

@: no status effects
A: beak, talons 3, able to fly 1
a: Fly


You were on level 2 of the Dungeon.
You were not hungry.

You visited 1 branch of the dungeon, and saw 2 of its levels.

You collected 77 gold pieces.

Inventory:

Hand Weapons
 a - a +0 long sword (weapon)
Armour
 b - a +0 scale mail (worn)
 c - a +1 shield (worn)
Scrolls
 e - a scroll of amnesia
Potions
 h - a potion of heal wounds
 i - a potion of haste
Comestibles
 f - a bread ration
 g - a chunk of flesh


   Skills:
 - Level 3.0 Fighting
 + Level 6.4 Long Blades
 - Level 3.2 Armour
 - Level 3.0 Shields


You had 4 spell levels left.
You didn't know any spells.

Dungeon Overview and Level Annotations

Branches:
Dungeon (2/15)

Altars:
Cheibriados
Dithmenos

Annotations:
D:2 Natasha


Innate Abilities, Weirdness & Mutations

You have a beak for a mouth.
You have claws for feet.
You can fly.


Message History

Natasha stares at you and mumbles some strange words.
The magic dart hits you! Natasha casts a spell at you. The magic dart hits you!
You hit Natasha.
Natasha is moderately wounded.
Natasha claws you. x2
You are too injured to fight recklessly!
You are too injured to fight recklessly!
You miss Natasha. You peck Natasha.
Natasha is heavily wounded.
You block Natasha's attack.
You hit Natasha. You claw Natasha, but do no damage.
Natasha is heavily wounded.
Natasha claws you.
* * * LOW HITPOINT WARNING * * *
You hit Natasha but do no damage. You claw Natasha.
Natasha is almost dead.
Natasha claws you!
You die...

##.##### #.#
########...######## #.#
#.................# #.#
##.######...######.# #.#
#..............# #.# #.#
#..#######.#.#.###.###.#
#..# #...#..<#.....#
#..#######.#####.....#.#
#..<..h@.....#...#.##.##
#.#####..##..#.###.##.#
#.# #..##....###.##.#
#.# #..##.#.###...#.##
#.#####..##.#.##..#.....
#.............##..†.#.##
##.####..#######.####.##
#.# #..#####..........
#.# #.(......#.####...


You could see Natasha.

Vanquished Creatures
  An ice beast (D:2)
  Natasha (twice) (D:2)
  An adder (D:2)
  A worm (D:2)
  2 dart slugs
  3 leopard geckos
  6 bats
  5 giant cockroaches
  A goblin (D:1)
  5 hobgoblins
  5 frilled lizards
  5 kobolds
  6 rats
43 creatures vanquished.

Notes
Turn   | Place    | Note
-------+----------+-------------------------------------------
     0 | D:1      | Ordine the Tengu Fighter began the quest for the Orb.
     0 | D:1      | Reached XP level 1. HP: 14/14 MP: 2/2
    36 | D:1      | Reached XP level 2. HP: 18/19 MP: 3/3
   120 | D:1      | Reached skill level 3 in Long Blades
   643 | D:2      | Reached XP level 3. HP: 18/23 MP: 4/4
   667 | D:2      | Reached skill level 4 in Long Blades
   679 | D:2      | Found a shadowy altar of Dithmenos.
   781 | D:2      | Noticed an ice beast
   787 | D:2      | Killed an ice beast
   787 | D:2      | Reached skill level 5 in Long Blades
   787 | D:2      | Reached XP level 4. HP: 28/28 MP: 5/5
   787 | D:2      | Gained mutation: You can fly. [Tengu growth]
   787 | D:2      | Reached XP level 5. HP: 32/32 MP: 6/6
  1105 | D:2      | Found a snail-covered altar of Cheibriados.
  1165 | D:2      | Noticed Natasha
  1170 | D:2      | Killed Natasha
  1170 | D:2      | Reached skill level 6 in Long Blades
  1351 | D:2      | Noticed Natasha
  1359 | D:2      | Killed Natasha
  1420 | D:2      | Noticed Natasha
  1427 | D:2      | Slain by Natasha

Vault maps used:
D:1:      lightli_arrival_chessboard
D:2:      lemuel_coloured_pillars_altar, marbit_many_paths, uniq_natasha

Skill      XL: |  1  2  3  4  5 |
---------------+----------------+-----
Long Blades    | 3 5 6 |  6.4
Fighting       | |  3.0
Armour         | |  3.2
Shields        | |  3.0

Action                   |  1- 3 |  4- 6 || total
-------------------------+-------+-------++-------
Melee: Long sword        |    70 |    32 ||   102
       Kick              |    17 |    12 ||    29
       Peck              |     9 |     4 ||    13
  Use: Scroll            |     5 |     4 ||     9
       Potion            |     1 |       ||     1
  Eat: Chunk             |       |     2 ||     2
Armor: Scale mail        |    32 |     7 ||    39
Dodge: Dodged            |    28 |     8 ||    36
Block: Shield            |    45 |    11 ||    56
       Rpst.: Long sword |     9 |     2 ||    11

Table legend:
 A = Spawn XP
 B = Non-spawn XP
 C = Spawn XP percentage of total XP
 D = Spawn monster count
 E = Non-spawn monster count
 F = Spawn count percentage of total count
 G = Total turns spent on level
                    A         B        C        D         E        F      G
               +---------+---------+-------+---------+---------+-------+---------
         Total |       0 |     291 |   0.0 |       0 |      43 |   0.0 |  1427
               +---------+---------+-------+---------+---------+-------+---------
           D:1 |       0 |      27 |   0.0 |       0 |      16 |   0.0 |   600
           D:2 |       0 |     264 |   0.0 |       0 |      27 |   0.0 |   827
               +---------+---------+-------+---------+---------+-------+---------
